 Dungeon Crawl Stone Soup version 0.21.1-1-g345015fe64 (webtiles) character file.

213283 3rdEnemy the Marksminotaur (level 18, 0/219 HPs)
             Began as a Minotaur Fighter on July 10, 2018.
             Was the Champion of Hepliaklqana.
             Splashed by an acid blob's acid (6 damage)
             ... on level 1 of the Pits of Slime on July 11, 2018.
             The game lasted 10:31:22 (37745 turns).

3rdEnemy the Marksminotaur (Minotaur Fighter)      Turns: 37745, Time: 10:31:23

Health: 0/219      AC: 20    Str: 25    XL:     18   Next: 26%
Magic:  8/13       EV:  2    Int:  3    God:    Hepliaklqana [******]
Gold:   1105       SH:  0    Dex: 19    Spells: 17/17 levels left

rFire    + . .     SeeInvis .   Y - +8 lance "Wyrmbane" {slay drac, rPois rF+ rC+ AC+3}
rCold    + . .     Gourm    .   u - +2 shield
rNeg     + + +     Faith    .   (armour currently unavailable)
rPois    +         Spirit   .   (helmet currently unavailable)
rElec    .         Reflect  +   (cloak currently unavailable)
rCorr    +         Harm     .   (gloves currently unavailable)
MR       +....     Rnd*Rage +   (boots currently unavailable) Stlth +.........NoTele +
                                I - +5 amulet of reflection
HPRegen  0.46/turn              E - ring of resist corrosion
MPRegen  0.13/turn              a - +5 ring of dexterity

@: confused, tree-form, corroded
A: (retaliatory headbutt), reduced essence, berserk 1, blurry vision 1, dopey 1,
low mp 2
}: 1/15 runes: serpentine
a: Recall Ancestor, Ancestor Identity, Transference, Idealise, Renounce Religion


You were on level 1 of the Pits of Slime.
You worshipped Hepliaklqana.
Hepliaklqana was exalted by your worship.
You were not hungry.
You were a tree.
You visited 6 branches of the dungeon, and saw 30 of its levels.
You visited 1 bazaar.
You also visited: Ossuary, Bailey and Ice Cave.

You collected 2884 gold pieces.
You spent 1779 gold pieces at shops.

Inventory:

Hand Weapons
 c - the +4 hand axe of the Candle {freeze, +Fly rElec rF- Int+4}
   (You found it on level 3 of the Lair of Beasts)

   It has been specially enchanted to freeze those struck by it, causing extra
   injury to most foes and up to half again as much damage against particularly
   susceptible opponents.
   It can also slow down cold-blooded creatures.
   It affects your intelligence (+4).
   It makes you vulnerable to fire.
   It insulates you from electricity.
   It lets you fly.
 w - the +8 longbow "Zephyr" {speed, Dex+3 SInv}
   (You took it off an orc on level 4 of the Dungeon)

   Attacks with this weapon are significantly faster.
   It affects your dexterity (+3).
   It lets you see invisible.
 Y - the +8 lance "Wyrmbane" (weapon) {slay drac, rPois rF+ rC+ AC+3}
   (You found it in an ice cave)

   It affects your AC (+3).
   It protects you from fire.
   It protects you from cold.
   It protects you from poison.
Missiles
 y - 496 arrows (quivered)
Armour
 g - a +2 plate armour of magic resistance
 s - the +3 warlock's mirror {reflect}
   (You bought it in a shop on level 14 of the Dungeon)
 u - a +2 shield (worn)
 H - the +2 pair of gloves "Esimaticoh" (melded) {Slay+3}
   (You took it off Nikola on level 2 of the Snake Pit)

   It affects your accuracy and damage with ranged weapons and melee attacks
   (+3).
 R - the +7 ice dragon scales "Gevaw" (melded) {rF- rC++ Str-4 Int+2 Stlth+}
   (You found it in an ice cave)

   It affects your strength (-4).
   It affects your intelligence (+2).
   It makes you vulnerable to fire.
   It greatly protects you from cold.
   It makes you more stealthy.
 U - a +2 pair of boots (melded)
 W - a +2 cloak of poison resistance (melded)
Jewellery
 a - a +5 ring of dexterity (right branch)
 l - an uncursed ring of protection from fire
 E - a ring of resist corrosion (left branch)
 I - a +5 amulet of reflection (around neck)
 Z - an uncursed ring of see invisible
Wands
 m - a wand of acid (23)
 n - a wand of digging (5)
 p - a wand of paralysis (54)
 z - a wand of iceblast (5)
 K - a wand of polymorph (14)
 L - a wand of random effects (36)
 M - a wand of disintegration (16)
 N - a wand of flame (29)
Scrolls
 b - 8 scrolls of enchant armour
 k - 5 scrolls of identify
 t - 4 scrolls of teleportation
 v - 10 scrolls of enchant weapon
 x - 3 scrolls of fog
 B - 2 scrolls of blinking
 F - 3 scrolls of fear
 G - 2 scrolls of magic mapping
 J - 6 scrolls of amnesia
 P - 12 scrolls of remove curse
 Q - 4 scrolls of immolation
 T - a scroll of silence
Potions
 d - 5 potions of might
 e - a potion of heal wounds
 h - 5 potions of berserk rage
 i - 2 potions of lignification
 j - 5 potions of agility
 o - 4 potions of brilliance
 q - 11 potions of flight
 r - 4 potions of invisibility
 A - 3 potions of haste
 C - 4 potions of cancellation
 D - 7 potions of curing
 O - a potion of resistance
 S - 2 potions of ambrosia
Miscellaneous
 V - a sack of spiders
Comestibles
 f - 37 rations


   Skills:
 - Level 15.0 Fighting
 - Level 3.1(10.4) Axes
 * Level 14.8(14.9) Polearms
 - Level 20.0 Bows
 - Level 15.0 Armour
 * Level 12.4 Dodging
 + Level 15.1 Shields


You had 17 spell levels left.
You didn't know any spells.

Dungeon Overview and Level Annotations

Branches:
Dungeon (15/15) Temple (1/1) D:6 Lair (6/6) D:11 Shoals (0/4) Lair:2 Snake (4/4) Lair:2 Slime (2/5) Lair:6 Orc (2/2) D:11 Elf (0/3) Orc:2 Vaults (0/5) D:12 D:13 Depths (0/5) D:15

Altars:
Ashenzari
Cheibriados
Fedhas
Hepliaklqana
Kikubaaqudgha
Nemelex Xobeh
Qazlal
Ru
Sif Muna
Trog
Xom
Beogh

Shops:
D:7 ?   D:14 [   Orc:1 *%![!   Orc:2 [*%(   Snake:4 ?


Innate Abilities, Weirdness & Mutations

((You reflexively headbutt those who attack you in melee.))
((You have a pair of horns on your head.))
Your life essence is reduced to manifest your ancestor. (-10% HP)
You tend to lose your temper in combat.
Scrolls take you a little longer to read.
((Your flesh is cold resistant. (rC+)))
((Armour fits poorly on your strangely shaped body.))
You are dopey. (Int -2)
Your magical capacity is very low. (-20% MP)
((You are resistant to electric shocks. (rElec)))
((You are sometimes teleported next to monsters.))


Message History

The splash of acid hits you! You resist.
* * * LOW HITPOINT WARNING * * *
You are splashed with acid!
The acid burns!
You resist.
* * * LOW HITPOINT WARNING * * *
2ndEnemy hits the acid blob with a dagger of draining. 2ndEnemy drains the acid blob! 2ndEnemy is burned by acid! 2ndEnemy is destroyed!
You block the slime creature's attack.
You are confused.
You feel invigorated. The acid blob hits you!
* * * LOW HITPOINT WARNING * * *
You are splashed with acid!
The acid burns!
You resist.
* * * LOW HITPOINT WARNING * * *
A large slime creature splits.
The large slime creature hits you but does no damage.
The acid blob hits you!!
* * * LOW HITPOINT WARNING * * *
You are splashed with acid!
The acid burns!
You resist.
You die...

..###.....##.#.....#.##
....#.................#
...............#.....##
..........#....#....##
#...................#
####................##
##................##
##......#.#.JJ....#
#.#....#....♣J#...#
#............JJ...##
##.....##.......>..#
##..####.........##
#### #...##....## ##.#
##..## ## ####


You could see an acid blob, a large slime creature and 3 slime creatures.

Vanquished Creatures
  Nikola (Snake:2)
  Rupert (D:13)
  2 acid blobs
  Agnes (D:14)
  2 azure jellies (Slime:1)
  10 nagarajas
  Aizul (Snake:2)
  An orc warlord (D:11)
  Nessos (D:13)
  6 dire elephants (Lair:6)
  Azrael (D:15)
  2 crystal guardians (D:15)
  A yaktaur captain (D:15)
  Josephine (D:15)
  9 hydras
  8 naga warriors
  2 death knights (D:14)
  3 centaur warriors
  Erica (Lair:1)
  8 two-headed ogres
  A tengu warrior (D:15)
  27 anacondas
  Urug (D:13)
  3 orc high priests
  Sonja (Lair:1)
  7 shock serpents
  11 naga sharpshooters
  Nergalle (D:12)
  5 salamander mystics
  8 skeletal warriors
  A fire crab (Lair:6)
  The ghost of tidbits the Reanimator, a novice GnNe of Cheibriados (D:10)
  5 naga ritualists
  3 unseen horrors (D:14)
  2 sea snakes (Snake:3)
  An orange crystal statue (D:15)
  8 orc knights
  Pikel (D:9)
  5 mana vipers
  A phantasmal warrior (D:14)
  8 ugly things
  3 oklob plants (Lair:3)
  8 orc sorcerers
  A manticore (D:11)
  3 shining eyes (Slime:1)
  11 salamanders
  2 cyclopes
  3 ice statues (IceCv)
  12 elephants (Lair:6)
  Joseph (D:8)
  2 merfolk sirens (Lair:2)
  Psyche (D:8)
  10 guardian serpents
  7 spiny frogs
  28 black mambas
  14 naga magi
  2 centaur skeletons (D:14)
  2 torpor snails
  A gargoyle (D:13)
  A yaktaur (D:13)
  2 freezing wraiths (D:14)
  6 komodo dragons
  An efreet (D:15)
  A queen bee (Lair:2)
  5 trolls
  32 slime creatures
  2 merfolk (Lair:2)
  2 hornets
  8 dream sheep
  7 hippogriffs
  8 blink frogs
  4 redbacks (D:14)
  5 wyverns
  5 wraiths
  35 yaks
  2 vampires (D:14)
  2 hungry ghosts
  3 fire elementals (D:14)
  3 basilisks
  3 hogs (D:7)
  A steam dragon (D:13)
  3 vampire mosquitoes (D:14)
  13 humans
  3 wargs
  Edmund (D:5)
  36 nagas
  2 hell hounds (D:14)
  6 porcupines
  15 water moccasins
  4 ice beasts
  5 sky beasts
  5 eyes of draining
  A slave (D:9)
  A black bear (D:12)
  11 ogres
  28 orc warriors
  4 phantoms
  11 wolves
  11 centaurs
  5 crocodiles
  2 big kobolds
  6 bullfrogs
  7 water moccasin zombies (Ossuary)
  A wyvern zombie (D:10)
  4 hexers
  A water moccasin skeleton (D:5)
  23 killer bees
  2 electric eels (Snake:3)
  4 howler monkeys
  2 vampire bats (D:4)
  17 crimson imps
  2 centaur zombies
  2 bullfrog zombies
  24 orc wizards
  4 hounds
  8 jellies
  23 orc priests
  3 iguanas
  3 worker ants (D:5)
  2 big kobold zombies (Ossuary)
  A hound skeleton (D:4)
  3 mummies
  7 gnolls
  A howler monkey skeleton (D:6)
  14 adders
  3 shadow imps
  An ooze (Lair:6)
  An adder skeleton (D:5)
  7 adder zombies (Ossuary)
  A worm (D:2)
  6 dart slugs
  5 leopard geckos
  129 orcs
  2 bat skeletons (D:4)
  2 bat zombies (D:4)
  2 giant cockroaches (D:1)
  4 gnoll zombies (Ossuary)
  6 goblins
  9 hobgoblins
  7 jackals
  5 quokkas
  5 ball pythons
  18 bats
  3 frilled lizards
  4 hobgoblin zombies (Ossuary)
  14 kobolds
  5 kobold zombies (Ossuary)
  5 orc zombies (Ossuary)
  A quokka skeleton (D:5)
  7 rats
  4 plants
999 creatures vanquished.

Vanquished Creatures (collateral kills)
  A nagaraja (Snake:3)
  A great orb of eyes (Slime:1)
  Harold (Lair:1)
  2 naga warriors
  A hydra (Lair:4)
  2 anacondas
  An ogre mage (D:15)
  An orc high priest (Orc:1)
  A naga sharpshooter (Snake:4)
  An unseen horror (D:14)
  A mana viper (Snake:3)
  2 ugly things
  2 orc sorcerers
  A manticore (D:12)
  A cyclops (D:15)
  2 shining eyes (Slime:1)
  2 elephants (Lair:6)
  3 black mambas (Snake:3)
  A centaur zombie (D:13)
  A komodo dragon (Lair:4)
  A polar bear (Lair:4)
  2 dream sheep
  2 blink frogs
  3 slime creatures
  A hippogriff (Lair:3)
  A meliai zombie (D:13)
  A redback (D:14)
  2 shadows
  A wyvern (Lair:4)
  A tarantella (D:14)
  A yak (Lair:6)
  A hog (D:7)
  A basilisk (Lair:3)
  3 humans
  A vampire mosquito (D:14)
  A hell hound (D:14)
  2 nagas
  3 water moccasins
  5 ice beasts
  A sky beast (D:12)
  A black bear (Lair:5)
  8 orc warriors
  3 ogres
  A wolf (Lair:4)
  4 centaurs
  A crocodile (D:14)
  2 bullfrogs
  A wyvern skeleton (D:10)
  A scorpion (D:11)
  3 killer bees (D:11)
  An electric eel (Snake:3)
  A jelly (Lair:6)
  A bullfrog zombie (D:11)
  3 orc priests
  A hound (D:14)
  An iguana (D:8)
  6 orc wizards
  3 worker ants
  A hound zombie (D:10)
  A worker ant zombie (D:11)
  3 adders
  An ooze (Lair:6)
  16 orcs
  3 jackals
  4 quokkas
  2 kobolds (D:10)
  A fungus (Lair:5)
  8 plants
144 creatures vanquished.

Vanquished Creatures (others)
  2 naga sharpshooters (Snake:4)
  2 cyclopes (D:15)
  A spiny frog (Lair:6)
  A slave (D:9)
  2 centaurs
  41 hexers
  A worker ant (D:9)
  An orc (Orc:1)
  9 bushes (D:15)
  12 fungi
  9 plants
81 creatures vanquished.

Grand Total: 1224 creatures vanquished

Notes
Turn   | Place    | Note
-------+----------+-------------------------------------------
     0 | D:1      | 3rdEnemy the Minotaur Fighter began the quest for the Orb.
     0 | D:1      | Reached XP level 1. HP: 19/19 MP: 0/0
   378 | D:1      | Reached XP level 2. HP: 25/27 MP: 1/1
   952 | D:2      | Reached XP level 3. HP: 32/33 MP: 2/2
  1287 | D:2      | Found a sacrificial altar of Ru.
  1287 | D:2      | Found a bloodstained altar of Trog.
  1293 | D:2      | Reached XP level 4. HP: 39/41 MP: 3/3
  2303 | D:3      | Reached XP level 5. HP: 47/47 MP: 4/4
  2863 | D:4      | Found a bloodstained altar of Trog.
  3076 | D:4      | Noticed a phantom
  3088 | D:4      | Killed a phantom
  3088 | D:4      | Reached skill level 5 in Fighting
  3088 | D:4      | Reached skill level 5 in Polearms
  3088 | D:4      | Reached XP level 6. HP: 56/56 MP: 5/5
  3195 | D:4      | Reached skill level 5 in Armour
  3222 | D:4      | Reached skill level 5 in Shields
  3375 | D:4      | Found an ancient bone altar of Kikubaaqudgha.
  3380 | D:4      | Reached skill level 1 in Bows
  3530 | D:4      | Reached skill level 2 in Bows
  3616 | D:5      | Entered Level 5 of the Dungeon
  3616 | D:5      | Found a sparkling altar of Nemelex Xobeh.
  3628 | D:5      | Reached skill level 3 in Bows
  3628 | D:5      | Reached XP level 7. HP: 61/61 MP: 6/6
  3657 | D:5      | Noticed Edmund
  3662 | D:5      | Killed Edmund
  3662 | D:5      | Reached skill level 4 in Bows
  3690 | D:5      | Reached skill level 5 in Bows
  3767 | D:5      | Reached skill level 6 in Bows
  4034 | D:5      | Found a sand-covered staircase.
  4086 | Ossuary  | Entered an ossuary
  4121 | Ossuary  | Reached XP level 8. HP: 60/68 MP: 7/7
  4133 | Ossuary  | Reached skill level 7 in Bows
  4205 | Ossuary  | Reached skill level 8 in Bows
  4654 | D:5      | Reached skill level 9 in Bows
  4750 | D:5      | Found a hazy altar of Hepliaklqana.
  4756 | D:5      | Became a worshipper of Hepliaklqana the Forgotten
  5621 | D:6      | Found a staircase to the Ecumenical Temple.
  5645 | Temple   | Entered the Ecumenical Temple
  5984 | D:6      | Reached skill level 10 in Bows
  6022 | D:6      | Reached * piety under Hepliaklqana
  6464 | D:6      | Reached XP level 9. HP: 66/66 MP: 8/8
  7293 | D:7      | Reached skill level 11 in Bows
  7298 | D:7      | Found a shattered altar of Ashenzari.
  7490 | D:7      | Reached skill level 12 in Bows
  7688 | D:7      | Reached ** piety under Hepliaklqana
  7689 | D:7      | Remembered your ancestor 2ndEnemy as a hexer
  7912 | D:7      | Found Ylotyn's Magic Scroll Shoppe.
  7923 | D:7      | Bought a scroll of identify for 24 gold pieces
  7923 | D:7      | Bought a scroll of identify for 24 gold pieces
  7923 | D:7      | Bought a scroll of identify for 24 gold pieces
  7923 | D:7      | Bought a scroll of magic mapping for 42 gold pieces
  8183 | D:8      | Reached skill level 13 in Bows
  8184 | D:8      | Found a snail-covered altar of Cheibriados.
  8261 | D:8      | Reached XP level 10. HP: 73/73 MP: 9/9
  8947 | D:8      | Noticed Joseph
  8954 | D:8      | Killed Joseph
  8990 | D:8      | Noticed Psyche
  9008 | D:8      | Killed Psyche
  9356 | D:9      | Noticed Pikel
  9360 | D:9      | Killed Pikel
  9435 | D:9      | Noticed a two-headed ogre
  9439 | D:9      | Killed a two-headed ogre
  9476 | D:9      | Reached *** piety under Hepliaklqana
  9535 | D:9      | Noticed a two-headed ogre
  9542 | D:9      | Killed a two-headed ogre
  9542 | D:9      | Reached skill level 14 in Bows
  9618 | D:9      | Found a blossoming altar of Fedhas.
  9848 | D:10     | Entered Level 10 of the Dungeon
  9848 | D:10     | Noticed a two-headed ogre
  9857 | D:10     | Killed a two-headed ogre
  9857 | D:10     | Reached XP level 11. HP: 57/84 MP: 10/10
  9900 | D:10     | Noticed tidbits's ghost (novice GnNe)
  9923 | D:10     | Killed tidbits's ghost
 10414 | D:11     | Found a staircase to the Lair.
 10432 | D:11     | Noticed a two-headed ogre
 10437 | D:11     | Killed a two-headed ogre
 10517 | D:11     | Reached skill level 15 in Bows
 10612 | D:11     | Noticed a green ugly thing
 10621 | D:11     | Killed a green ugly thing
 10887 | D:11     | Noticed a two-headed ogre
 10895 | D:11     | Killed a two-headed ogre
 11060 | D:11     | Found a staircase to the Orcish Mines.
 11133 | D:11     | Reached **** piety under Hepliaklqana
 11214 | D:11     | Noticed a red ugly thing
 11224 | D:11     | Killed a red ugly thing
 11543 | Lair:1   | Entered Level 1 of the Lair of Beasts
 11598 | Lair:1   | Noticed a seven-headed hydra
 11604 | Lair:1   | Killed a seven-headed hydra
 11719 | Lair:1   | You fall through a shaft!
 11719 | Lair:2   | Found a staircase to the Snake Pit.
 11746 | Lair:2   | Reached XP level 12. HP: 95/95 MP: 9/11
 11768 | Lair:2   | Reached skill level 10 in Fighting
 11768 | Lair:2   | Reached skill level 16 in Bows
 11768 | Lair:2   | Reached skill level 10 in Armour
 11888 | Lair:2   | Found a staircase to the Shoals.
 12159 | Lair:2   | Noticed a six-headed hydra
 12164 | Lair:2   | Killed a six-headed hydra
 12205 | Lair:2   | Noticed an eight-headed hydra
 12225 | Lair:2   | Killed an eight-headed hydra
 12912 | Lair:1   | Noticed Harold
 12934 | Lair:1   | Killed Harold
 13048 | Lair:1   | Noticed Sonja
 13056 | Lair:1   | Killed Sonja
 13056 | Lair:1   | Reached skill level 17 in Bows
 13318 | Lair:1   | Noticed Erica
 13328 | Lair:1   | Killed Erica
 13750 | Lair:3   | Got a warped hand axe
 13751 | Lair:3   | Identified the +4 hand axe of the Candle {freeze, +Fly rElec rF- Int+4} (You found it on level 3 of the Lair of Beasts)
 13845 | Lair:3   | Reached XP level 13. HP: 91/104 MP: 12/12
 15007 | Lair:4   | Reached ***** piety under Hepliaklqana
 15221 | Lair:4   | Reached skill level 18 in Bows
 15403 | Lair:4   | Found the +4 moon troll leather armour {Spirit, Regen++ MP+5}
 16341 | Lair:6   | Entered Level 6 of the Lair of Beasts
 16361 | Lair:5   | HP: 3/107 [poisoned by a black mamba]
 16642 | Lair:6   | Found a staircase to the Slime Pits.
 16995 | Lair:6   | Reached skill level 19 in Bows
 17283 | Lair:6   | Reached XP level 14. HP: 114/114 MP: 13/13
 18014 | Lair:6   | Got a transparent lead amulet
 18080 | Lair:6   | Reached skill level 20 in Bows
 18467 | Lair:6   | Identified the amulet of Lofucw {Faith MR+ Str+3 Dex+2} (You found it on level 6 of the Lair of Beasts)
 18604 | Orc:1    | Entered Level 1 of the Orcish Mines
 18674 | Orc:1    | Found a flagged portal.
 18734 | Bailey   | Entered a bailey
 19132 | Bailey   | Reached ****** piety under Hepliaklqana
 19515 | Orc:1    | Reached skill level 1 in Dodging
 19552 | Orc:1    | Paralysed by an orc sorcerer for 2 turns
 19621 | Orc:1    | Found Ihypt's Distillery.
 19706 | Orc:1    | Bought a potion of flight for 36 gold pieces
 19744 | Orc:1    | Found Qeekk's Distillery.
 19747 | Orc:1    | Found Geabarentu's Food Shoppe.
 19756 | Orc:1    | Noticed an orc warlord
 19769 | Orc:1    | HP: 5/116 [chaos spawn[an orc warlord] (12)]
 19770 | Orc:1    | HP: 2/116 [chaos spawn[an orc warlord] (4)]
 20295 | D:11     | Killed an orc warlord
 20747 | Orc:1    | Found Igull's Assorted Antiques.
 20769 | Orc:1    | Found Pirelia's Armour Shoppe.
 20777 | Orc:1    | Bought a +1 cloak of poison resistance for 162 gold pieces
 20801 | Orc:1    | Found a roughly hewn altar of Beogh.
 20961 | Orc:1    | Bought a scroll of remove curse for 69 gold pieces
 20961 | Orc:1    | Bought a scroll of fog for 46 gold pieces
 21102 | Orc:2    | Entered Level 2 of the Orcish Mines
 21468 | Orc:2    | Paralysed by an orc sorcerer for 5 turns
 21506 | Orc:2    | Found a staircase to the Elven Halls.
 21867 | Orc:2    | Found a roughly hewn altar of Beogh.
 22164 | Orc:2    | Reached skill level 5 in Dodging
 22255 | Orc:2    | Found Ukloibus's Weapon Emporium.
 22262 | Orc:2    | Found Jotsefas's Assorted Antiques.
 22270 | Orc:2    | Found Hofe's Antique Armour Shop.
 22282 | Orc:2    | Paralysed by an orc sorcerer for 4 turns
 23237 | Orc:2    | Found Keos's Food Emporium.
 23249 | Orc:2    | Bought a scroll of identify for 44 gold pieces
 23249 | Orc:2    | Bought a scroll of enchant armour for 165 gold pieces
 23257 | Orc:2    | Bought a pair of glowing gloves for 172 gold pieces
 23280 | Orc:2    | Bought an ivory ring for 110 gold pieces
 23710 | D:12     | Noticed Nergalle
 23730 | D:12     | Killed Nergalle
 23845 | D:12     | Reached XP level 15. HP: 106/123 MP: 14/14
 23883 | D:12     | Paralysed by a hornet for 3 turns
 24006 | D:13     | Found a gate to the Vaults.
 24006 | D:13     | Noticed Urug
 24006 | D:13     | Noticed Rupert
 24006 | D:13     | Noticed Nessos
 24270 | D:13     | Killed Nessos
 24636 | D:13     | Killed Urug
 24805 | D:13     | Paralysed by Rupert for 2 turns
 24814 | D:13     | Killed Rupert
 25203 | D:14     | Found Ejuhey Maer's Armour Shoppe.
 25348 | D:14     | Noticed Agnes
 25358 | D:14     | Killed Agnes
 25475 | D:14     | Found a frozen archway.
 25698 | IceCv    | Entered an ice cave
 25857 | IceCv    | Found the +8 lance "Wyrmbane" {slay drac, rPois rF+ rC+ AC+3}
 25885 | IceCv    | Got crude ice dragon scales
 25896 | IceCv    | Identified the +7 ice dragon scales "Gevaw" {rF- rC++ Str-4 Int+2 Stlth+} (You found it in an ice cave)
 26083 | D:14     | Reached skill level 10 in Dodging
 26427 | D:14     | Bought the +3 warlock's mirror {reflect} for 440 gold pieces
 26427 | D:14     | Found the +3 warlock's mirror {reflect}
 26532 | D:15     | Entered Level 15 of the Dungeon
 26532 | D:15     | Noticed Azrael
 26645 | D:15     | Killed Azrael
 27006 | D:15     | Noticed Josephine
 27022 | D:15     | Reached skill level 1 in Axes
 27616 | D:15     | Reached XP level 16. HP: 100/132 MP: 15/15
 27669 | D:15     | Found a runed door.
 27753 | D:15     | Found a staircase to the Depths.
 27860 | D:15     | Killed Josephine
 28339 | D:15     | Reached skill level 10 in Polearms
 28725 | D:15     | Got an iridescent dire flail
 28727 | D:15     | Got a distressingly furry robe
 28770 | D:15     | Identified the cursed +0 robe of Pleasant Breezes {Dex+3 Stlth+} (You found it on level 15 of the Dungeon)
 28787 | D:15     | Identified the +8 dire flail of World Downfall {antimagic, *Corrode rPois rF+ rC+} (You found it on level 15 of the Dungeon)
 29002 | Snake:1  | Entered Level 1 of the Snake Pit
 29795 | Snake:1  | Gained mutation: Armour fits poorly on your strangely shaped body. [potion of mutation]
 29795 | Snake:1  | Gained mutation: Your spells are a little harder to cast, but a little more powerful. [potion of mutation]
 29796 | Snake:1  | Lost mutation: Armour fits poorly on your strangely shaped body. [potion of mutation]
 29796 | Snake:1  | Lost mutation: Your spells are a little harder to cast, but a little more powerful. [potion of mutation]
 29796 | Snake:1  | Gained mutation: You are frail. (-10% HP) [potion of mutation]
 29796 | Snake:1  | Gained mutation: Your muscles are strong. (Str +2) [potion of mutation]
 29796 | Snake:1  | Gained mutation: You have sharp toenails. [potion of mutation]
 30083 | Snake:2  | Noticed Nikola
 30190 | Snake:2  | Noticed Aizul
 30227 | Snake:2  | Killed Aizul
 30626 | Snake:2  | Reached skill level 15 in Armour
 30846 | Snake:2  | Found a flickering gateway to a bazaar.
 30851 | Bazaar   | Entered a bazaar
 30851 | Bazaar   | Found Vienteor's General Store.
 30851 | Bazaar   | Found Itakye's General Store.
 30851 | Bazaar   | Found Zontysee's Gadget Shoppe.
 30852 | Bazaar   | Found Kantef's Gadget Emporium.
 30852 | Bazaar   | Found Fefupam's Jewellery Emporium.
 30872 | Bazaar   | Bought a potion of heal wounds for 35 gold pieces
 30903 | Bazaar   | Bought a potion of mutation for 56 gold pieces
 30903 | Bazaar   | Lost mutation: Your muscles are strong. (Str +2) [potion of mutation]
 30903 | Bazaar   | Lost mutation: You are frail. (-10% HP) [potion of mutation]
 30903 | Bazaar   | Lost mutation: You have sharp toenails. [potion of mutation]
 30903 | Bazaar   | Gained mutation: Your magical capacity is low. (-10% MP) [potion of mutation]
 30903 | Bazaar   | Gained mutation: You are occasionally teleported next to monsters. [potion of mutation]
 30903 | Bazaar   | Gained mutation: Your magical capacity is very low. (-20% MP) [potion of mutation]
 30903 | Bazaar   | Gained mutation: You are resistant to electric shocks. (rElec) [potion of mutation]
 31504 | Snake:2  | Killed Nikola
 31506 | Snake:2  | Got a pair of warped gloves
 31548 | Snake:2  | Identified the +2 pair of gloves "Esimaticoh" {Slay+3} (You took it off Nikola on level 2 of the Snake Pit)
 31920 | Snake:3  | Reached skill level 10 in Shields
 32534 | Snake:3  | Reached XP level 17. HP: 115/138 MP: 12/12
 33378 | Snake:4  | Entered Level 4 of the Snake Pit
 34198 | Snake:4  | Found Seapneyr's Magic Scroll Shop.
 34206 | Snake:4  | Bought a scroll of blinking for 165 gold pieces
 34206 | Snake:4  | Bought a scroll of blinking for 165 gold pieces
 35668 | Snake:4  | Reached XP level 18. HP: 106/144 MP: 13/13
 35731 | Snake:4  | Got a serpentine rune of Zot
 36168 | Slime:1  | Entered Level 1 of the Pits of Slime
 36226 | Slime:1  | Gained mutation: You tend to lose your temper in combat. [a shining eye]
 36329 | Lair:6   | Reached skill level 15 in Shields
 36480 | Slime:1  | Gained mutation: Scrolls take you a little longer to read. [a shining eye]
 36483 | Slime:1  | Gained mutation: Your flesh is cold resistant. (rC+) [a shining eye]
 36488 | Slime:1  | Gained mutation: You are dopey. (Int -2) [a shining eye]
 36494 | Slime:1  | Gained mutation: Armour fits poorly on your strangely shaped body. [a shining eye]
 36984 | Slime:1  | Reached skill level 15 in Fighting
 37028 | Slime:1  | Gained mutation: You are sometimes teleported next to monsters. [a shining eye]
 37032 | Slime:1  | Gained mutation: You are frail. (-10% HP) [a shining eye]
 37034 | Slime:1  | Lost mutation: You are frail. (-10% HP) [a shining eye]
 37745 | Slime:1  | HP: 6/219 [acid blob (26)]
 37745 | Slime:1  | Splashed by an acid blob's acid

Skill      XL: |  1  2  3  4  5  6  7  8  9 10 11 12 13 14 15 16 17 18 |
---------------+-------------------------------------------------------+-----
Fighting       | 4 5 7 9 11 12 13 14 15 | 15.0
Armour         | 4 5 7 9 11 12 13 14 15 | 15.0
Polearms       | 3 4 5 9 12 14 | 14.8
Shields        | 4 5 6 10 14 15 | 15.1
Bows           | 3 6 10 13 14 15 17 19 20 | 20.0
Dodging        | 6 10 11 12 | 12.4
Axes           | 2 3 |  3.1

Action                   |  1- 3 |  4- 6 |  7- 9 | 10-12 | 13-15 | 16-18 || total
-------------------------+-------+-------+-------+-------+-------+-------++-------
Melee: Trident           |    69 |   162 |       |       |       |       ||   231
       Headbutt          |    17 |    20 |       |       |   206 |   333 ||   576
       Spear             |    16 |       |       |       |       |       ||    16
       Whip              |     8 |       |       |       |       |       ||     8
       Hand axe          |       |       |       |       |   480 |       ||   480
       Glaive            |       |       |       |       |    14 |       ||    14
       Lance             |       |       |       |       |   307 |  1446 ||  1753
 Fire: Longbow           |       |    19 |   285 |   477 |   620 |    61 ||  1462
       Arbalest          |       |       |       |       |    83 |       ||    83
Throw: Tomahawk          |       |    14 |       |       |       |       ||    14
       Throwing net      |       |       |       |       |     2 |       ||     2
Invok: Ancestor Identity |       |       |     1 |       |       |       ||     1
       Ancestor Life: He |       |       |     1 |       |       |       ||     1
       Recall Ancestor   |       |       |       |     1 |     4 |     4 ||     9
       Transference      |       |       |       |     1 |     4 |       ||     5
       Idealise          |       |       |       |       |     6 |       ||     6
 Abil: Evoke Flight      |       |       |       |       |     1 |     3 ||     4
       Stop Flying       |       |       |       |       |       |     2 ||     2
Evoke: Wand              |       |       |       |       |     5 |       ||     5
  Use: Scroll            |     5 |     2 |     1 |       |    27 |     9 ||    44
       Potion            |       |       |     1 |       |    12 |    15 ||    28
 Stab: Distracted        |       |       |       |       |     8 |    14 ||    22
       Confused          |       |       |       |       |    12 |     6 ||    18
       Paralysed         |       |       |       |       |    29 |    26 ||    55
  Eat: Chunk             |     1 |     1 |     4 |     4 |    16 |     5 ||    31
       Ration            |       |     2 |     5 |     3 |     8 |     9 ||    27
Armor: Scale mail        |    18 |    11 |       |       |       |       ||    29
       Chain mail        |       |    52 |    36 |       |       |       ||    88
       Plate armour      |       |       |    31 |    91 |   484 |       ||   606
       Troll leather arm |       |       |       |       |     3 |       ||     3
       Ice dragon scales |       |       |       |       |   127 |   277 ||   404
       Skin              |       |       |       |       |       |     1 ||     1
Dodge: Dodged            |    16 |    32 |    23 |    60 |   518 |   409 ||  1058
Block: Shield            |    25 |   106 |       |       |       |    90 ||   221
       Reflection        |       |     7 |       |     6 |    33 |   103 ||   149
       Other             |       |       |    15 |    43 |   209 |     4 ||   271
       Buckler           |       |       |       |       |   178 |   561 ||   739
